% Time on Ice - VANCOUVER VOODOO
Lines # - Real PCT - Wanted PCT - Time Play
Normal Forward
1 - 38% - 33% - 20:05
2 - 32% - 31% - 16:58
3 - 21% - 24% - 11:06
4 - 9% - 12% - 5:01
Normal Defense
1 - 29% - 36% - 15:33
2 - 47% - 34% - 25:08
3 - 23% - 30% - 12:29
4 - 0% - 0% - 0:00
PP Forward
1 - 65% - 55% - 1:17
2 - 35% - 45% - 0:42
PP Defense
1 - 45% - 50% - 0:53
2 - 55% - 50% - 1:06
PK Forward
1 - 57% - 55% - 2:45
2 - 43% - 45% - 2:06
PK Defense
1 - 58% - 50% - 2:50
2 - 42% - 50% - 2:01
PK3 Forward
1 - 0% - 55%
2 - 0% - 45%
PK3 Defense
1 - 0% - 55%
2 - 0% - 45%
44 Forward
1 - 0% - 55%
2 - 0% - 45%
44 Defense
1 - 0% - 50%
2 - 0% - 50%
Last Minute Offensive  - 0:00
Last Minute Defensive  - 0:00
Total
Forward - 60:00
Defense - 60:00
% Time on Ice - UTAH ICE BEARS
Lines # - Real PCT - Wanted PCT - Time Play
Normal Forward
1 - 31% - 33% - 16:32
2 - 29% - 31% - 15:31
3 - 25% - 23% - 13:32
4 - 14% - 13% - 7:35
Normal Defense
1 - 38% - 36% - 20:12
2 - 31% - 31% - 16:27
3 - 25% - 23% - 13:15
4 - 6% - 10% - 3:16
PP Forward
1 - 38% - 55% - 1:52
2 - 62% - 45% - 2:59
PP Defense
1 - 58% - 55% - 2:50
2 - 42% - 45% - 2:01
PK Forward
1 - 66% - 55% - 1:19
2 - 34% - 45% - 0:40
PK Defense
1 - 47% - 55% - 0:56
2 - 53% - 45% - 1:03
PK3 Forward
1 - 0% - 55%
2 - 0% - 45%
PK3 Defense
1 - 0% - 55%
2 - 0% - 45%
44 Forward
1 - 0% - 55%
2 - 0% - 45%
44 Defense
1 - 0% - 55%
2 - 0% - 45%
Last Minute Offensive  - 0:00
Last Minute Defensive  - 0:00
Total
Forward - 60:00
Defense - 60:00
Play-by-Play 1st period 0:01 of 1st period - Adam Mascherin wins face-off versus Andreas Johnsson in neutral zone. 0:09 of 1st period - Shot by Casey Mittelstadt. 0:09 of 1st period - Shot Blocked by Noel Acciari. 0:19 of 1st period - Shot by Casey Mittelstadt. 0:19 of 1st period - Shot Blocked by Nicolas Hague. 0:29 of 1st period - Shot by Andrew Mangiapane. 0:29 of 1st period - Stopped by Carey Price without a rebound. 0:30 of 1st period - Nicolas Roy wins face-off versus Nicholas Paul in VANCOUVER VOODOO zone. 1:29 of 1st period - Jake Evans is hit by Erik Gudbranson and loses puck. 1:47 of 1st period - Shot by Artem Anisimov. 1:47 of 1st period - Shot Misses the Net. 1:49 of 1st period - Shot by Mattias Janmark. 1:49 of 1st period - Shot Blocked by Logan Stanley. 2:02 of 1st period - Mattias Janmark is hit by Nicolas Hague and loses puck. 2:10 of 1st period - Icing by Nicolas Hague. 2:11 of 1st period - Adam Gaudette wins face-off versus Blake Lizotte in VANCOUVER VOODOO zone. 2:50 of 1st period - Shot by MacKenzie Weegar. 2:50 of 1st period - Shot Misses the Net. 3:08 of 1st period - Shot by Andrew Mangiapane. 3:08 of 1st period - Goal by Andrew Mangiapane - VANCOUVER VOODOO : 0 - UTAH ICE BEARS : 1. 3:09 of 1st period - Nicholas Paul wins face-off versus Noel Acciari in neutral zone. 3:16 of 1st period - Icing by Noel Acciari. 3:17 of 1st period - Noel Acciari wins face-off versus Adam Mascherin in VANCOUVER VOODOO zone. 3:17 of 1st period - Noel Acciari is hit by Adam Mascherin. 3:54 of 1st period - Double Minor Penalty to Nick Holden for Slashing. 3:55 of 1st period - Jake Evans wins face-off versus Nicholas Paul in VANCOUVER VOODOO zone. 4:01 of 1st period - Icing by Nicholas Paul. 4:02 of 1st period - Noel Acciari wins face-off versus Kyle Okposo in UTAH ICE BEARS zone. 4:15 of 1st period - Nicholas Paul is hit by Andreas Johnsson. 4:25 of 1st period - Shot by MacKenzie Weegar. 4:25 of 1st period - Stopped by Carey Price without a rebound. 4:26 of 1st period - Jake Evans wins face-off versus Zachary Sanford in VANCOUVER VOODOO zone. 4:45 of 1st period - Shot by Casey Mittelstadt. 4:45 of 1st period - Shot Hit the Post. 4:47 of 1st period - Shot by T.J. Brodie. 4:47 of 1st period - Goal by T.J. Brodie - VANCOUVER VOODOO : 0 - UTAH ICE BEARS : 2. 4:48 of 1st period - Noel Acciari wins face-off versus Nicholas Paul in neutral zone. 5:01 of 1st period - Shot by Nicholas Paul. 5:01 of 1st period - Shot Misses the Net. 5:17 of 1st period - Shot by Nicholas Paul. 5:17 of 1st period - Shot Blocked by Jake Bean. 5:17 of 1st period - Jake Bean from VANCOUVER VOODOO is injured at 5:17 of 1st period (Bruised Right Arm). 5:18 of 1st period - Jake Evans wins face-off versus Zachary Sanford in VANCOUVER VOODOO zone. 5:41 of 1st period - Jake Evans is hit by Zachary Sanford and loses puck. 6:30 of 1st period - Shot by Nicholas Paul. 6:30 of 1st period - Stopped by Carey Price without a rebound. 6:31 of 1st period - Noel Acciari wins face-off versus Rudolfs Balcers in VANCOUVER VOODOO zone. 6:58 of 1st period - Shot by Blake Lizotte. 6:58 of 1st period - Shot Misses the Net. 7:00 of 1st period - Shot by Troy Stecher. 7:00 of 1st period - Shot Misses the Net. 7:02 of 1st period - Shot by Erik Gudbranson. 7:02 of 1st period - Stopped by Carey Price with a rebound. 7:22 of 1st period - Shot by Blake Lizotte. 7:22 of 1st period - Shot Misses the Net. 7:24 of 1st period - Shot by Troy Stecher. 7:24 of 1st period - Shot Blocked by Nick Holden. 8:05 of 1st period - Shot by Josh Anderson. 8:05 of 1st period - Stopped by Devan Dubnyk without a rebound. 8:06 of 1st period - Jake Evans wins face-off versus Nicholas Paul in UTAH ICE BEARS zone. 8:07 of 1st period - Shot by Anders Bjork. 8:07 of 1st period - Shot Blocked by Rudolfs Balcers. 8:15 of 1st period - Shot by Anders Bjork. 8:15 of 1st period - Stopped by Devan Dubnyk without a rebound. 8:16 of 1st period - Zachary Sanford wins face-off versus Noel Acciari in UTAH ICE BEARS zone. 8:26 of 1st period - Shot by Mattias Janmark. 8:26 of 1st period - Shot Blocked by Keith Yandle. 8:33 of 1st period - Icing by Keith Yandle. 8:34 of 1st period - Nicholas Paul wins face-off versus Noel Acciari in VANCOUVER VOODOO zone. 9:21 of 1st period - Nicolas Roy is hit by Nicholas Paul. 9:22 of 1st period - Nicolas Roy from VANCOUVER VOODOO is injured at 9:22 of 1st period (Torso). 9:23 of 1st period - Jake Evans wins face-off versus Adam Mascherin in VANCOUVER VOODOO zone. 9:23 of 1st period - Jake Evans is hit by Adam Mascherin. 9:48 of 1st period - Jake Evans is hit by Casey Mittelstadt and loses puck. 9:57 of 1st period - Off-side. 9:58 of 1st period - Artem Anisimov wins face-off versus Jonathan Drouin in neutral zone. 12:07 of 1st period - MacKenzie Weegar is hit by Noel Acciari and loses puck. 12:27 of 1st period - Icing by Alexander Edler. 12:28 of 1st period - Adam Mascherin wins face-off versus Brendan Lemieux in UTAH ICE BEARS zone. 12:44 of 1st period - Icing by Jonathan Drouin. 12:45 of 1st period - Brendan Lemieux wins face-off versus Nicholas Paul in VANCOUVER VOODOO zone. 12:45 of 1st period - Brendan Lemieux is hit by Rudolfs Balcers. 13:50 of 1st period - Shot by Zachary Sanford. 13:50 of 1st period - Stopped by Carey Price without a rebound. 13:51 of 1st period - Blake Lizotte wins face-off versus Noel Acciari in VANCOUVER VOODOO zone. 14:59 of 1st period - Shot by Andrew Mangiapane. 14:59 of 1st period - Shot Misses the Net. 15:01 of 1st period - Shot by Andrew Mangiapane. 15:01 of 1st period - Shot Blocked by Keith Yandle. 15:07 of 1st period - Shot by Andrew Mangiapane. 15:07 of 1st period - Shot Blocked by Keith Yandle. 15:28 of 1st period - Minor Penalty to Artem Anisimov for Holding. 15:29 of 1st period - Kyle Okposo wins face-off versus Adam Gaudette in UTAH ICE BEARS zone. 15:56 of 1st period - Kyle Okposo is hit by Josh Anderson. 16:00 of 1st period - Josh Anderson is hit by Kyle Okposo and loses puck. 17:17 of 1st period - Shot by Jonathan Drouin. 17:17 of 1st period - Shot Misses the Net. 17:19 of 1st period - Shot by Jonathan Drouin. 17:19 of 1st period - Stopped by Devan Dubnyk without a rebound. 17:20 of 1st period - Nicholas Paul wins face-off versus Adam Gaudette in UTAH ICE BEARS zone. 18:02 of 1st period - Icing by Marcus Johansson. 18:03 of 1st period - Adam Mascherin wins face-off versus Adam Gaudette in VANCOUVER VOODOO zone. 18:08 of 1st period - Shot by Andrew Mangiapane. 18:08 of 1st period - Shot Misses the Net. 18:10 of 1st period - Shot by Troy Stecher. 18:10 of 1st period - Stopped by Carey Price with a rebound. 18:12 of 1st period - Shot by Andrew Mangiapane. 18:12 of 1st period - Shot Blocked by Zack Kassian. 18:14 of 1st period - Shot by Andrew Mangiapane. 18:14 of 1st period - Shot Blocked by Anders Bjork. 18:16 of 1st period - Shot by Erik Gudbranson. 18:16 of 1st period - Goal by Erik Gudbranso